 Dungeon Crawl Stone Soup version 0.19.5 (webtiles) character file.

5553 Azzok the Fighter (level 10, -2/101 HPs)
             Began as a Centaur Berserker on June 2, 2017.
             Was an Elder of Trog.
             Succumbed to Maurice's poison
             ... on level 8 of the Dungeon.
             The game lasted 00:21:24 (11374 turns).

Azzok the Fighter (Centaur Berserker)              Turns: 11374, Time: 00:21:25

Health: -2/101     AC: 10    Str: 24    XL:     10   Next: 44%
Magic:  10/10      EV:  5    Int:  6    God:    Trog [****..]
Gold:   0          SH:  0    Dex: 12    Spells: 0 memorised, 9 levels left

rFire  + . .     SeeInvis .     z - +1 rapier (venom)
rCold  . . .     Gourm    +     S - +1 plate armour {rF+}
rNeg   . . .     Faith    .     (no shield)
rPois  .         Spirit   .     I - +0 helmet
rElec  .         Reflect  .     (no cloak)
rCorr  .         Harm     .     (no gloves)
MR     +....                    (no barding)
Stlth  ..........               M - amulet of the gourmand
                                o - +4 ring of dexterity
                                H - ring of protection from magic

@: lethally poisoned (-2 -> -18), exhausted, slowed
A: hooves 3, deformed body, speed 2, tough skin 3
a: Berserk, Trog's Hand, Brothers in Arms, Burn Spellbooks, Renounce Religion


You were on level 8 of the Dungeon.
You worshipped Trog.
Trog was greatly pleased with you.
You were very full.

You visited 2 branches of the dungeon, and saw 10 of its levels.

You collected 201 gold pieces.
You spent 201 gold pieces at shops.

Inventory:

Hand Weapons
 g - a +0 shortbow
 z - a +1 rapier of venom (weapon)
Missiles
 j - 102 arrows
Armour
 I - a +0 helmet (worn)
 Q - a +8 plate armour of ponderousness
 S - a +1 plate armour of fire resistance (worn)
Jewellery
 m - an uncursed ring of fire
 o - a +4 ring of dexterity (right hand)
 H - a ring of protection from magic (left hand)
 M - an amulet of the gourmand (around neck)
 X - an uncursed ring of magical power {unknown}
Wands
 v - a wand of lightning (0/15)
Scrolls
 d - 4 scrolls of remove curse
 e - 2 scrolls of magic mapping
 f - a scroll of amnesia
 l - a scroll of identify
 r - 4 scrolls of teleportation
 x - 4 scrolls of fog
 y - a scroll of recharging
 J - a scroll of enchant armour
 L - a scroll of enchant weapon
 U - a scroll of immolation
Potions
 b - a potion of ambrosia
 h - 3 potions of haste
 k - a potion of brilliance
 p - a potion of might
 q - a potion of agility
 s - a potion of berserk rage
 t - a potion of invisibility
 u - 2 potions of curing
 w - a potion of magic {unknown}
 D - a potion of lignification {unknown}
 E - a potion of degeneration {unknown}
 F - 2 potions of beneficial mutation {!q}
 G - 2 potions of mutation {unknown}
 R - 3 potions of flight {unknown}
Books
 A - a book of Cantrips

   Spells                             Type                      Level
   a - Confusing Touch                Hexes                        1
   b - Animate Skeleton               Necromancy                   1
   c - Summon Small Mammal            Summoning                    1
   d - Apportation                    Translocation                1
   Trog disapproves of the use of such an item.
 B - a book of Misfortune

   Spells                             Type                      Level
   a - Confusing Touch                Hexes                        1
   b - Confuse                        Hexes                        3
   c - Gell's Gravitas                Hexes/Translocation          3
   d - Petrify                        Transmutation/Earth          4
   e - Metabolic Englaciation         Hexes/Ice                    5
   f - Yara's Violent Unravelling     Hexes/Transmutation          5
   Trog disapproves of the use of such an item.
 P - a book of Frost

   Spells                             Type                      Level
   a - Freeze                         Ice                          1
   b - Throw Frost                    Conjuration/Ice              2
   c - Ozocubu's Armour               Charms/Ice                   3
   d - Throw Icicle                   Conjuration/Ice              4
   e - Summon Ice Beast               Ice/Summoning                4
   Trog disapproves of the use of such an item.
 T - a book of Misfortune

   Spells                             Type                      Level
   a - Confusing Touch                Hexes                        1
   b - Confuse                        Hexes                        3
   c - Gell's Gravitas                Hexes/Translocation          3
   d - Petrify                        Transmutation/Earth          4
   e - Metabolic Englaciation         Hexes/Ice                    5
   f - Yara's Violent Unravelling     Hexes/Transmutation          5
   Trog disapproves of the use of such an item.
 V - a book of Callings

   Spells                             Type                      Level
   a - Summon Small Mammal            Summoning                    1
   b - Call Imp                       Summoning                    2
   c - Call Canine Familiar           Summoning                    3
   d - Summon Guardian Golem          Hexes/Summoning              3
   e - Summon Lightning Spire         Summoning/Air                4
   f - Summon Ice Beast               Ice/Summoning                4
   Trog disapproves of the use of such an item.
Comestibles
 c - 9 bread rations {@e1}
 i - 3 meat rations {@e2}
 K - 2 slices of pizza
 N - 7 beef jerkies
 O - 3 fruits


   Skills:
 - Level 13.0 Fighting
   Level 2.6 Long Blades
 + Level 11.1 Bows
 - Level 1.3 Armour
 - Level 1.3 Dodging


You had 9 spell levels left.
You didn't know any spells.

Dungeon Overview and Level Annotations

Branches:
Dungeon (9/15)             Temple (1/1) D:5
   Lair: D:8-11         Orc: D:9-12

Altars:
Ashenzari
Fedhas
Gozag
Hepliaklqana
Kikubaaqudgha
Makhleb
Nemelex Xobeh
Okawaru
Sif Muna
Trog
Uskayaw
Vehumet
Xom
Yredelemnul
Zin

Shops:
D:8 ?

Annotations:
D:9 Maurice


Innate Abilities, Weirdness & Mutations

You have hooves in place of feet.
Armour fits poorly on your strangely shaped body.
You cover ground very quickly.
You have extremely tough skin. (AC +3)


Message History

You feel very sick.
You take 3 damage, and have 26/101 hp.
You feel very sick.
You take 2 damage, and have 24/101 hp.
You feel very sick.
You hear some strange, mumbled words.
You feel very sick.
You feel sick. x6
All of the chunks of flesh in your inventory have rotted away.
You feel sick. x4
Something hits you but does no damage. Something hits you.
* * * LOW HITPOINT WARNING * * *
Something steals all your gold!
You are lethally poisoned!
You take 21 damage, and have 3/101 hp.
MASSIVE DAMAGE!!
* * * LOW HITPOINT WARNING * * *
You feel sick. Something hits you but does no damage.
You are more poisoned.
You climb upwards.
You die...

▒··▒ ▒▒············▒▒··▒ ▒··▒▒
▒▒▒·········▒▒▒··▒ ▒▒··▒▒
▒▒▒······▒▒ ▒··▒ ·▒▒··▒ ▒▒▒···▒▒
▒··▒▒ ·▒▒▒·▒▒ ▒▒▒ ▒▒▒▒▒ ▒▒·▒▒
··▒▒)·▒▒ ▒▒·▒▒▒ ▒▒▒···
···▒▒··▒▒▒▒····▒▒▒▒ ▒▒▒▒▒▒▒▒·····
···▒▒▒··▒▒········▒▒▒·····)······
▒···▒▒··▒·······@·········▒▒·····
▒▒···▒▒···········▒▒▒▒▒▒▒▒▒▒·····
▒····▒······)····▒ ▒·····
▒▒···▒···········▒ ▒·····
▒▒▒▒·············▒▒ ▒·····
···▒·············▒ ▒·····
···▒··▒▒·········▒ ▒▒····
·····▒▒▒▒▒······/▒ ▒···· ····▒▒
▒▒·····▒▒ ▒···[


There were no monsters in sight!

Vanquished Creatures
  The ghost of Dirtsage the Cleaver, a novice NaBe of Trog (D:8)
  Pikel (D:5)
  A manticore (D:9)
  A guardian serpent (D:9)
  Prince Ribbit (D:7)
  2 two-headed ogres (D:8)
  A hippogriff (D:9)
  Edmund (D:5)
  Duvessa (D:7)
  An orc warrior (D:7)
  A slave (D:5)
  A sky beast (D:6)
  A necrophage (D:8)
  5 ogres
  3 phantoms
  A centaur (D:7)
  A crocodile (D:8)
  4 bullfrogs
  Dowan (D:7)
  A scorpion (D:7)
  A howler monkey (D:6)
  2 vampire bats (D:4)
  2 bullfrog zombies
  2 crimson imps
  A quasit (D:8)
  A centaur zombie (D:8)
  3 orc priests
  A centaur skeleton (D:3)
  A gnoll shaman (D:7)
  3 hounds
  A jelly (D:8)
  9 orc wizards
  3 iguanas
  11 worker ants
  A hound zombie (D:7)
  A hound skeleton (D:4)
  A howler monkey zombie (D:8)
  A worker ant zombie (D:5)
  4 gnolls (D:4)
  13 adders
  A shadow imp (D:8)
  An ooze (D:1)
  3 dart slugs (D:1)
  4 leopard geckos
  37 orcs
  11 bats
  8 giant cockroaches
  6 goblins
  3 hobgoblins
  6 jackals
  2 quokkas
  10 frilled lizards
  A jackal skeleton (D:6)
  A jackal zombie (D:5)
  10 kobolds
  A leopard gecko zombie (D:8)
  7 rats
204 creatures vanquished.

Vanquished Creatures (others)
  An orc (D:5)
  2 jackals (D:5)
3 creatures vanquished.

Grand Total: 207 creatures vanquished

Notes
Turn   | Place    | Note
-------+----------+-------------------------------------------
     0 | D:1      | Azzok the Centaur Berserker began the quest for the Orb.
     0 | D:1      | Reached XP level 1. HP: 19/19 MP: 1/1
   360 | D:1      | Reached XP level 2. HP: 26/26 MP: 2/2
   540 | D:1      | Reached skill level 4 in Fighting
   618 | D:1      | Reached ** piety under Trog
   666 | D:1      | Reached XP level 3. HP: 30/33 MP: 3/3
  1542 | D:2      | Found a shimmering altar of Xom.
  1699 | D:2      | Found a glowing silver altar of Zin.
  1880 | D:2      | Reached XP level 4. HP: 41/41 MP: 4/4
  2294 | D:3      | Reached skill level 5 in Fighting
  2841 | D:3      | Reached *** piety under Trog
  3022 | D:3      | Reached XP level 5. HP: 50/50 MP: 5/5
  3038 | D:3      | Reached skill level 6 in Fighting
  3607 | D:3      | Found a blossoming altar of Fedhas.
  3814 | D:4      | Reached XP level 6. HP: 54/58 MP: 6/6
  3838 | D:4      | Reached skill level 7 in Fighting
  4586 | D:4      | Reached skill level 8 in Fighting
  4586 | D:4      | Reached XP level 7. HP: 67/68 MP: 7/7
  4750 | D:4      | Found a shattered altar of Ashenzari.
  4899 | D:5      | Entered Level 5 of the Dungeon
  4933 | D:5      | Reached **** piety under Trog
  5301 | D:5      | Reached skill level 9 in Fighting
  5307 | D:5      | Noticed Pikel
  5329 | D:5      | Killed Pikel
  5329 | D:5      | Reached skill level 10 in Fighting
  5329 | D:5      | Reached XP level 8. HP: 39/79 MP: 8/8
  5334 | D:5      | Noticed Edmund
  5617 | D:5      | Killed Edmund
  5946 | D:5      | Found a hide-covered altar of Uskayaw.
  5976 | D:5      | Found a staircase to the Ecumenical Temple.
  6131 | Temple   | Entered the Ecumenical Temple
  6202 | D:6      | Found an opulent altar of Gozag.
  6302 | D:6      | Reached skill level 11 in Fighting
  6680 | D:6      | Found a burning altar of Makhleb.
  7123 | D:7      | Noticed Duvessa
  7123 | D:7      | Noticed Dowan
  7129 | D:7      | Killed Duvessa
  7135 | D:7      | Killed Dowan
  7194 | D:7      | Reached XP level 9. HP: 81/90 MP: 9/9
  7271 | D:7      | Reached skill level 12 in Fighting
  7444 | D:7      | Noticed Prince Ribbit
  7460 | D:7      | Killed Prince Ribbit
  8119 | D:7      | Received a gift from Trog
  8119 | D:7      | Reached skill level 1 in Bows
  8204 | D:7      | Found a hazy altar of Hepliaklqana.
  8897 | D:7      | Reached ***** piety under Trog
  9251 | D:6      | Reached skill level 13 in Fighting
  9308 | D:8      | Found Fapamau's Magic Scroll Shop.
  9338 | D:8      | Bought a scroll of identify for 26 gold pieces
  9338 | D:8      | Bought a scroll of identify for 26 gold pieces
  9338 | D:8      | Bought a scroll of identify for 26 gold pieces
  9338 | D:8      | Bought a scroll of immolation for 45 gold pieces
  9341 | D:8      | Bought a scroll of teleportation for 39 gold pieces
  9341 | D:8      | Bought a scroll of teleportation for 39 gold pieces
  9439 | D:8      | Reached skill level 5 in Bows
  9771 | D:8      | Noticed Dirtsage's ghost (novice NaBe)
  9829 | D:8      | Killed Dirtsage's ghost
  9829 | D:8      | Reached XP level 10. HP: 97/101 MP: 10/10
 11061 | D:9      | Noticed a manticore
 11138 | D:9      | Reached skill level 10 in Bows
 11143 | D:9      | Killed a manticore
 11333 | D:9      | Noticed a guardian serpent
 11337 | D:9      | Noticed Maurice
 11342 | D:9      | Killed a guardian serpent
 11372 | D:9      | HP: 3/101 [something (4)]
 11374 | D:8      | Succumbed to Maurice's poison

Skill      XL: |  1  2  3  4  5  6  7  8  9 10 |
---------------+-------------------------------+-----
Fighting       | 4 5 6 8 10 11 13 | 13.0
Bows           | 7 11 | 11.1
Long Blades    | |  2.6
Armour         | |  1.3
Dodging        | |  1.3

Action                   |  1- 3 |  4- 6 |  7- 9 | 10-12 || total
-------------------------+-------+-------+-------+-------++-------
Melee: Falchion          |   144 |    42 |       |       ||   186
       Kick              |    28 |    54 |   112 |    38 ||   232
       Short sword       |       |    83 |       |       ||    83
       Rapier            |       |    79 |   343 |    99 ||   521
Invok: Berserk           |     1 |     3 |     6 |     2 ||    12
       Brothers in Arms  |       |       |     1 |       ||     1
Evoke: Wand              |       |       |     5 |       ||     5
  Use: Scroll            |       |       |    20 |       ||    20
  Eat: Chunk             |     3 |    11 |    31 |     6 ||    51
       Royal jelly       |       |       |     1 |       ||     1
Armor: Animal skin       |     5 |       |       |       ||     5
       Chain mail        |   101 |   133 |    85 |       ||   319
       Plate armour      |       |       |    82 |    85 ||   167
Dodge: Dodged            |    47 |    49 |    88 |    28 ||   212
       Rpst.: Falchion   |    14 |     1 |       |       ||    15
